 Dungeon Crawl Stone Soup version 0.29.1-1-gd02db6906a (webtiles) character file.

Game seed: 5671201944060435616

22604 Earthwalker the Spear-Bearer (level 12, -11/113 HPs)
             Began as a Minotaur Fighter on Oct 8, 2022.
             Was a High Priest of Makhleb.
             Killed from afar by Jorgrun (24 damage)
             ... with an iron shot
             ... on level 1 of the Orcish Mines.
             The game lasted 02:11:40 (15093 turns).

Earthwalker the Spear-Bearer (Minotaur Fighter)    Turns: 15093, Time: 02:11:43

Health: -11/113    AC: 25    Str: 21    XL:     12   Next: 64%
Magic:  11/11      EV: 12    Int:  5    God:    Makhleb [*****.]
Gold:   1467       SH:  0    Dex: 15    Spells: 11/11 levels left

rFire   . . .      SeeInvis .   I - +2 spear
rCold   . . .      Faith    .   c - +2 buckler
rNeg    . . .      Spirit   .   S - +4 chain mail
rPois   .          Reflect  .   (helmet restricted)
rElec   .          Harm     .   k - +0 cloak
rCorr   .          Rampage  .   U - +0 pair of gloves
Will    .....                   X - +0 pair of boots
Stlth   ..........              v - amulet of regeneration
HPRegen 1.08/turn               f - +4 ring of protection
MPRegen 0.12/turn               w - +4 ring of evasion

@: confused, grasped by roots, constricted
A: horns 2, retaliatory headbutt
a: Renounce Religion, Minor Destruction, Lesser Servant of Makhleb, Major
Destruction, Greater Servant of Makhleb


You were on level 1 of the Orcish Mines.
You worshipped Makhleb.
Makhleb was extremely pleased with you.
You visited 4 branches of the dungeon, and saw 14 of its levels.

You collected 1523 gold pieces.
You spent 56 gold pieces at shops.

Inventory:

Hand Weapons
 a - a +1 trident of protection
 b - a +2 spear of venom
 e - the +8 long sword "Hany" {flame, Will+ rCorr Int-4 Dex+5}
   (You found it on level 10 of the Dungeon)

   It burns those it strikes, dealing additional fire damage.
   Big, fiery blades are also staple armaments of hydra-hunters.
   Int:       It affects your intelligence (-4).
   Dex:       It affects your dexterity (+5).
   rCorr:     It protects you from acid and corrosion.
   Will:      It increases your willpower.
 x - a +1 vorpal shortbow
 I - a +2 spear (weapon)
 Z - a +1 falchion of flaming
Missiles
 t - 45 poisoned darts (quivered)
 B - 4 curare-tipped darts
 N - a throwing net
Armour
 c - a +2 buckler (worn)
 k - a +0 cloak (worn)
 u - the +4 ring mail of a treasure trove {Fly}
   (You found it on level 6 of the Dungeon)

   Fly:       It grants you flight.
 S - a +4 chain mail (worn)
 U - a +0 pair of gloves (worn)
 W - a +2 leather armour of poison resistance
 X - a +0 pair of boots (worn)
Magical Staves
 n - a staff of conjuration
 y - a staff of death
 V - a staff of cold
Jewellery
 f - a +4 ring of protection (left hand)
 g - an amulet of magic regeneration
 o - a ring of positive energy
 v - an amulet of regeneration (around neck)
 w - a +4 ring of evasion (right hand)
 G - a ring of flight
 H - a ring of see invisible
 T - a ring of willpower
Wands
 A - a wand of iceblast (7)
 D - a wand of flame (21)
 K - a wand of charming (4)
 M - a wand of polymorph (10)
Scrolls
 j - 2 scrolls of noise
 p - 2 scrolls of fear
 s - a scroll of silence
 C - 2 scrolls of amnesia
 E - a scroll of magic mapping
 F - a scroll of teleportation
 L - a scroll of immolation
 R - 4 scrolls of identify
Potions
 d - 3 potions of might
 h - a potion of brilliance
 i - 4 potions of mutation
 l - 4 potions of attraction
 m - a potion of lignification
 r - 7 potions of degeneration
 J - a potion of flight
 O - a potion of haste
 P - 2 potions of curing
 Q - 3 potions of magic


   Skills:
 * Level 12.5 Fighting
 * Level 13.8 Polearms
 * Level 12.1 Armour
 * Level 8.2 Dodging
 * Level 11.2 Shields


You had 11 spell levels left.
You didn't know any spells.
Your spell library contained the following spells:

 Spells                   Type           Power      Damage    Failure   Level
 Magic Dart               Conj           0%         1d3       98%         1
 Slow                     Hex            0%         N/A       98%         1
 Call Imp                 Summ           0%         N/A       99%         2
 Conjure Flame            Conj/Fire      0%         6-21      100%        3
 Ignite Poison            Fire/Tmut/Pois 0%         N/A       100%        3
 Mephitic Cloud           Conj/Pois/Air  0%         N/A       100%        3
 Sticky Flame             Conj/Fire      0%         2d3       100%        4
 Freezing Cloud           Conj/Ice/Air   0%         6-21      100%        5
 Summon Forest            Summ/Tloc      0%         N/A       100%        5
 Fire Storm               Conj/Fire      0%         5d1       100%        9


Dungeon Overview and Level Annotations

Branches:
Dungeon (10/15)            Temple (1/1) D:7            Lair (1/5) D:9
    Orc (2/2) D:10            Elf (0/3) Orc:2

Altars:
Ashenzari
Cheibriados
Dithmenos
Elyvilon
Fedhas
Gozag
Hepliaklqana
Kikubaaqudgha
Makhleb
Nemelex Xobeh
Okawaru
Qazlal
Ru
Sif Muna
Trog
Uskayaw
Vehumet
Wu Jian
Xom
Yredelemnul
Zin
The Shining One

Shops:
D:5 !   D:9 ?

Annotations:
D:8 2 transporters, 101zpm's ghost, novice MeEE
Orc:1 Jorgrun; Saint Roka


Innate Abilities, Weirdness & Mutations

You have a pair of horns on your head.
You reflexively headbutt those who attack you in melee.


Message History

Something hits you but does no damage. The orc warrior closely misses you.
Jorgrun gestures at you while chanting.
Roots burst forth from the earth!
The grasping roots grab you! The grasping roots constrict you!
Unknown command.
You hit the orc warrior but do no damage.
You headbutt the orc warrior, but do no damage.
The orc warrior is lightly wounded.
You miss Jorgrun. Your headbutt misses Jorgrun.
Jorgrun is lightly wounded.
The orc wizard closely misses you. Something hits you but does no damage.
The orc warrior closely misses you.
Jorgrun says, "'tis place shall be yer tomb!"
Jorgrun misses you. The grasping roots constrict you.
Unknown command.
You hit Jorgrun but do no damage.
Jorgrun is lightly wounded.
Unknown command.
You miss Jorgrun. Your headbutt misses Jorgrun.
Jorgrun is lightly wounded.
The orc wizard hits you but does no damage.
You hear some strange, mumbled words.
Something tries to affect you, but you resist.
The orc warrior barely misses you. Jorgrun hits you but does no damage.
Jorgrun shatters you.
* * * LOW HITPOINT WARNING * * *
The grasping roots constrict you!!
* * * LOW HITPOINT WARNING * * *
You closely miss the orc wizard.
The orc wizard is almost dead.
You are too confused!
You hit the orc wizard.
You kill the orc wizard!
Makhleb accepts your kill.
The orc warrior hits you but does no damage.
Jorgrun says, "'tis place shall be yer tomb!"
Jorgrun casts a spell at you. The iron shot hits you!!
You die...

### #.# ### ###.## ####[#
#....# #.[..##
####...########)..##
#.......#.#.##.[){.##
#.....[).......o@g..##
......#)......###[...#
....####)......###...###
..### #.......#####....#
....####......##.....###
....##.........#....####
#)...#...####.......##.##
#.........###...........##
##.......###.....##......#


You could see Jorgrun and an orc warrior.

Vanquished Creatures
  Harold (D:9)
  A hydra (D:10)
  A two-headed ogre (D:6)
  A death yak (D:9)
  4 skeletal warriors (D:7)
  Pikel (D:4)
  An orc sorcerer (Orc:1)
  3 orc knights
  A manticore (D:10)
  A rime drake (Lair:1)
  5 trolls
  3 hornets
  3 meliai (D:10)
  Grinder (D:6)
  2 dream sheep (D:10)
  A shadow (D:9)
  15 yaks (D:9)
  Eustachio (D:4)
  2 steam dragons (D:8)
  4 wargs
  Menkaure (D:4)
  Duvessa (D:6)
  An acid dragon (D:9)
  A water moccasin (D:6)
  30 orc warriors
  An ice beast (D:6)
  2 black bears (D:7)
  3 sky beasts
  8 ogres
  4 centaurs
  2 phantoms (D:5)
  12 kobold brigands
  2 gnoll sergeants (D:10)
  5 bullfrogs
  A necrophage (D:7)
  3 scorpions
  7 wights
  Dowan (D:6)
  4 howler monkeys (D:7)
  A jelly (D:7)
  A gnoll bouda (Orc:1)
  25 orc priests
  6 hounds
  4 iguanas
  25 orc wizards
  6 adders
  15 gnolls
  A white imp (D:6)
  4 ufetubi
  2 worms
  2 dart slugs
  80 orcs
  A ball python (D:1)
  6 bats
  4 endoplasms
  3 giant cockroaches
  2 goblins
  7 hobgoblins
  19 kobolds
  2 quokkas
  2 frilled lizards (D:2)
  2 rats
361 creatures vanquished.

Vanquished Creatures (others)
  Maurice (D:8)
  A fungus (D:9)
  6 plants
8 creatures vanquished.

Grand Total: 369 creatures vanquished

Notes
Turn   | Place    | Note
-------+----------+-------------------------------------------
     0 | D:1      | Earthwalker the Minotaur Fighter began the quest for the
                  | Orb.
     0 | D:1      | Reached XP level 1. HP: 19/19 MP: 0/0
   340 | D:1      | Reached XP level 2. HP: 27/27 MP: 1/1
   559 | D:2      | Found a faded altar of an unknown god.
   574 | D:2      | Got Plato's Anthology of Fascination
   638 | D:2      | Reached XP level 3. HP: 31/33 MP: 2/2
   648 | D:3      | You fall into a shaft and drop 3 floors!
   650 | D:6      | Noticed Grinder
   652 | D:6      | Paralysed by Grinder for 2 turns
   668 | D:6      | Killed Grinder
   669 | D:6      | Reached skill level 3 in Polearms
   669 | D:6      | Reached skill level 5 in Armour
   669 | D:6      | Reached skill level 1 in Dodging
   669 | D:6      | Reached XP level 4. HP: 19/41 MP: 3/3
   669 | D:6      | Reached XP level 5. HP: 22/47 MP: 4/4
   676 | D:6      | Reached skill level 5 in Shields
   981 | D:6      | Reached skill level 4 in Polearms
   981 | D:6      | Reached XP level 6. HP: 39/55 MP: 5/5
  1163 | D:6      | Noticed a water moccasin
  1164 | D:6      | Reached skill level 5 in Fighting
  1174 | D:6      | Killed a water moccasin
  1392 | D:6      | Identified the +4 ring mail of a treasure trove {Fly}
  1482 | D:6      | Reached XP level 7. HP: 52/61 MP: 6/6
  1559 | D:7      | Found a staircase to the Ecumenical Temple.
  1569 | Temple   | Entered the Ecumenical Temple
  1959 | D:7      | Reached skill level 5 in Polearms
  2175 | D:7      | Found a broken altar of Ashenzari.
  2385 | D:7      | Reached skill level 6 in Polearms
  2400 | D:7      | Reached XP level 8. HP: 70/70 MP: 7/7
  2866 | D:7      | Reached skill level 7 in Polearms
  2902 | D:7      | Noticed a hornet
  2958 | D:6      | Killed a hornet
  3005 | D:7      | Reached skill level 8 in Polearms
  3150 | D:6      | Reached XP level 9. HP: 77/78 MP: 8/8
  3344 | D:8      | Found a transporter.
  3364 | D:7      | Reached skill level 9 in Polearms
  3385 | D:8      | Noticed 101zpm's ghost (novice MeEE)
  3410 | D:8      | Noticed a moth of wrath
  3448 | D:8      | Found a transporter.
  3654 | D:8      | Noticed Maurice
  3681 | D:8      | Killed Maurice
  3725 | D:8      | Reached skill level 10 in Polearms
  3950 | D:8      | Reached skill level 5 in Dodging
  4422 | D:6      | Noticed Duvessa
  4422 | D:6      | Noticed Dowan
  4422 | D:6      | Noticed a two-headed ogre
  4456 | D:6      | Killed a two-headed ogre
  4457 | D:6      | Reached XP level 10. HP: 53/90 MP: 9/9
  4463 | D:6      | Killed Duvessa
  4467 | D:6      | Reached skill level 11 in Polearms
  4477 | D:6      | Killed Dowan
  4804 | D:5      | Entered Level 5 of the Dungeon
  4832 | D:5      | Found an ornate altar of the Wu Jian Council.
  4839 | D:5      | Found a glowing silver altar of Zin.
  4839 | D:5      | Found a blossoming altar of Fedhas.
  4839 | D:5      | Found a shimmering blue altar of Sif Muna.
  4842 | D:5      | Found a burning altar of Makhleb.
  4867 | D:5      | Became a worshipper of Makhleb the Destroyer
  5272 | D:5      | Found Qauzauh's Distillery.
  5554 | D:4      | Noticed Pikel
  5574 | D:4      | Killed Pikel
  5658 | D:4      | Noticed Menkaure
  5668 | D:4      | Killed Menkaure
  5669 | D:4      | Reached skill level 12 in Polearms
  5712 | D:4      | Reached * piety under Makhleb
  5980 | D:4      | Got the Catalogue of the Amassed Pyromaniac
  6362 | D:4      | Noticed Eustachio
  6402 | D:4      | Killed Eustachio
  6716 | D:3      | Found an opulent altar of Gozag.
  8456 | D:9      | Noticed Harold
  8490 | D:9      | Killed Harold
  8669 | D:9      | Reached XP level 11. HP: 93/99 MP: 10/10
  8716 | D:9      | Found Gouppoc's Magic Scroll Emporium.
  8752 | D:9      | Bought a scroll of identify for 28 gold pieces
  8752 | D:9      | Bought a scroll of identify for 28 gold pieces
  8834 | D:9      | Reached ** piety under Makhleb
  8870 | D:9      | Found a staircase to the Lair.
  8993 | D:9      | Noticed a skeletal warrior
  8993 | D:9      | Noticed a skeletal warrior
  8993 | D:9      | Noticed a skeletal warrior
  8993 | D:9      | Noticed a skeletal warrior
  9481 | D:7      | Killed a skeletal warrior
  9482 | D:7      | Reached skill level 10 in Fighting
 10523 | D:7      | Killed a skeletal warrior
 10971 | D:7      | Killed a skeletal warrior
 11308 | D:7      | Killed a skeletal warrior
 11436 | D:10     | Entered Level 10 of the Dungeon
 11463 | D:9      | Reached skill level 10 in Armour
 11813 | D:9      | Found a sacrificial altar of Ru.
 11933 | Lair:1   | Entered Level 1 of the Lair of Beasts
 11943 | Lair:1   | Noticed a death yak
 11943 | Lair:1   | Noticed a death yak
 11943 | Lair:1   | Noticed a death yak
 11943 | Lair:1   | Noticed a death yak
 11972 | D:9      | Killed a death yak
 11973 | D:9      | Reached skill level 13 in Polearms
 12122 | D:10     | Reached *** piety under Makhleb
 12747 | D:10     | Identified the +0 ring mail of a ziggurat {Dex+2}
 12816 | D:10     | Noticed a two-headed hydra
 12821 | D:10     | Killed a one-headed hydra
 12822 | D:10     | Reached XP level 12. HP: 110/110 MP: 11/11
 12828 | D:10     | Reached skill level 10 in Shields
 13104 | D:10     | Found a staircase to the Orcish Mines.
 13264 | D:10     | Identified the +8 long sword "Hany" {flame, Will+ rCorr
                  | Int-4 Dex+5}
 13269 | Orc:1    | Entered Level 1 of the Orcish Mines
 13355 | D:10     | Reached **** piety under Makhleb
 13452 | Orc:2    | Entered Level 2 of the Orcish Mines
 13452 | Orc:2    | Found a staircase to the Elven Halls.
 13571 | Orc:2    | Found a gate leading to a gauntlet.
 14162 | Orc:2    | Noticed Saint Roka
 14750 | Orc:1    | Reached ***** piety under Makhleb
 15051 | Orc:2    | Noticed Jorgrun
 15093 | Orc:1    | Killed from afar by Jorgrun

Illustrated notes

Levels and vault maps discovered:
D:1:      ebering_hopf_link, layout_loops_cross
D:2:      layout_basic, shapermc_ecumenical_altar_rom_forum,
          nicolae_elevator_lobby_asterisk
D:3:      layout_loops_ring, nicolae_gozag_cash_rules_everything_around_me,
          kennysheep_cluttered_room, minmay_misc_feat_hallway
D:4:      layout_basic, dk_vineyard_2, uniq_menkaure, uniq_pikel, uniq_eustachio
D:5:      layout_loops_cross, grunt_temple_overflow_open, serial_shops,
          kennysheep_little_box
D:6:      layout_loops_ring, uniq_duvessa, uniq_grinder
D:7:      minmay_clustersquares, layout_cave_pools,
          nicolae_ashenzari_panopticon, minmay_temple_entry_large_hall,
          chequers_serial_rivers_room_a, hangedman_decor_opposing
D:8:      layout_loops_cross, gammafunk_ghost_berserking_beasts, uniq_maurice
D:9:      layout_roguey, kennysheep_mini_moat, grunt_lair_entry_orc_guard_hut,
          special_room [special_room_orc], serial_shops, shop, uniq_harold
D:10:     layout_long_grid, kennysheep_orc_monster_closet_entryway, nrook_uturn,
          moated_statue, hangedman_ranch
Temple:   minmay_temple_curvy_branch
Lair:1:   layout_long_grid, nicolae_lair_lakeside_cave, uniq_amaemon
Orc:1:    layout_diamond_mine, special_room [special_room_orc],
          biasface_ghost_orc_armoury
Orc:2:    st_orc_mages, layout_caves, gauntlet_entry_generic, mines_bat_river,
          uniq_saint_roka, uniq_jorgrun

Skill      XL: |  1  2  3  4  5  6  7  8  9 10 11 12 |
---------------+-------------------------------------+-----
Armour         | 4 5 6 7 8 9 11 12 | 12.1
Shields        | 4 5 6 7 8 9 11 | 11.2
Fighting       | 4 5 6 8 9 11 12 | 12.5
Polearms       | 3 4 6 8 10 12 13 | 13.8
Dodging        | 1 2 3 4 5 6 7 8 |  8.2

Action                   |  1- 3 |  4- 6 |  7- 9 | 10-12 || total
-------------------------+-------+-------+-------+-------++-------
Melee: Trident           |    56 |    37 |   317 |   133 ||   543
       Headbutt          |     8 |     7 |    60 |   377 ||   452
       Spear             |       |       |       |  1692 ||  1692
       Falchion          |       |       |       |     8 ||     8
 Fire: Sling             |       |       |       |   134 ||   134
       Shortbow          |       |       |       |    57 ||    57
Throw: Dart              |       |       |       |    54 ||    54
  Use: Scroll            |       |       |     8 |    21 ||    29
       Potion            |       |       |       |     3 ||     3
Armor: Scale mail        |    38 |     9 |       |       ||    47
       Ring mail         |       |       |   121 |    93 ||   214
       Chain mail        |       |       |       |   274 ||   274
Dodge: Dodged            |    25 |    17 |   143 |   508 ||   693
Block: Buckler           |    14 |     5 |    90 |   390 ||   499
